 Dungeon Crawl Stone Soup version 0.21-a0-110-g8e1637b (webtiles) character file.

64 nikopol the Firebug (level 3, -14/19 HPs)
             Began as a Deep Elf Fire Elementalist on July 8, 2017.
             Demolished by a gnoll
             ... wielding a +0 halberd
              (15 damage)
             ... on level 2 of the Dungeon.
             The game lasted 00:04:39 (1491 turns).

nikopol the Firebug (Deep Elf Fire Elementalist)    Turns: 1491, Time: 00:04:40

Health: -14/19     AC:  3    Str:  5    XL:     3   Next: 91%
Magic:  4/9        EV: 13    Int: 20    God:
Gold:   114        SH:  0    Dex: 15    Spells: 2/8 levels left

rFire    . . .     SeeInvis .   f - +0 dagger
rCold    . . .     Gourm    .   (no shield)
rNeg     . . .     Faith    .   a - +0 robe
rPois    .         Spirit   .   d - +0 helmet
rElec    .         Reflect  .   (no cloak)
rCorr    .         Harm     .   (no gloves)
MR       .....                  (no boots)
Stlth    ++........             (no amulet)
HPRegen  0.06/turn              (no ring)
MPRegen  0.11/turn              (no ring)

@: no status effects
A: no striking features
a: no special abilities


You were on level 2 of the Dungeon.
You were not hungry.

You visited 1 branch of the dungeon, and saw 3 of its levels.

You collected 114 gold pieces.

Inventory:

Hand Weapons
 f - a +0 dagger (weapon)
Armour
 a - a +0 robe (worn)
 d - a +0 helmet (worn)
Jewellery
 n - an uncursed ring of flight {unknown}
Scrolls
 e - 4 scrolls of identify {unknown}
 g - a scroll of remove curse {unknown}
 l - a scroll of teleportation {unknown}
Potions
 i - a potion of heal wounds {unknown}
 k - a potion of curing {unknown}
 m - a potion of degeneration {unknown}
 o - a potion of lignification {unknown}
Books
 b - a book of Flames

   Spells                             Type                      Level
   a - Flame Tongue                   Conjuration/Fire             1
   b - Throw Flame                    Conjuration/Fire             2
   c - Conjure Flame                  Conjuration/Fire             3
   d - Inner Flame                    Hexes/Fire                   3
   e - Sticky Flame                   Conjuration/Fire             4
   f - Fireball                       Conjuration/Fire             5
Comestibles
 c - a bread ration
 h - a royal jelly
 j - a chunk of flesh


   Skills:
 + Level 2.8 Dodging
 + Level 3.0 Stealth
 + Level 3.4 Spellcasting
 + Level 1.8 Conjurations
 + Level 4.3 Fire Magic


You had 2 spell levels left.
You knew the following spells:

 Your Spells              Type           Power        Failure   Level  Hunger
a - Flame Tongue          Conj/Fire      ###..        3%          1    None
b - Throw Flame           Conj/Fire      ###...       6%          2    ##.....
c - Conjure Flame         Conj/Fire      ###.....     12%         3    ###....


Dungeon Overview and Level Annotations

Branches:
Dungeon (3/15)

Altars:
Gozag
Okawaru


Message History

You kill the leopard gecko!
The gnoll barely misses you.
Casting: Flame Tongue
Confirm with . or Enter, or press ? or * to list all spells.
Aiming: Throw Flame
Press: ? - help, Shift-Dir - straight line, f - gnoll
Aim: a gnoll, wielding a halberd The puff of flame hits the gnoll.
The gnoll is heavily wounded.
The gnoll closely misses you.
Casting: Throw Flame
Confirm with . or Enter, or press ? or * to list all spells.
Aiming: Throw Flame
Press: ? - help, Shift-Dir - straight line, f/p - gnoll
Aim: a gnoll, wielding a halberd (heavily wounded)
The puff of flame hits the gnoll.
The gnoll is almost dead.
The gnoll hits you from afar with a halberd!
Ouch! That really hurt!
You die...

#.............###...######..
#.....................# #..
#.....................# #..
#.....................# #..
#.........[...........# #..
##....................####..
###........................
##.##...###...............
#.......+@)>..............
###..##...###g........##....
#.(..#........######...#....
#....#...........# #...#....
#................# #...###..
#................# #...# #..
#..........#.....# #...# #..
#..........#.....###...###..
#....#######............##..


You could see a gnoll.

Vanquished Creatures
  2 adders (D:2)
  A worm (D:2)
  2 leopard geckos (D:2)
  A giant cockroach (D:2)
  10 goblins
  3 hobgoblins
  3 jackals
  5 kobolds
  5 bats (D:1)
  2 frilled lizards (D:2)
  5 rats
39 creatures vanquished.

Notes
Turn   | Place    | Note
-------+----------+-------------------------------------------
     0 | D:1      | nikopol the Deep Elf Fire Elementalist began the quest for the Orb.
     0 | D:1      | Reached XP level 1. HP: 10/10 MP: 6/6
   148 | D:1      | Reached XP level 2. HP: 15/15 MP: 2/8
   152 | D:1      | Learned a level 2 spell: Throw Flame
   672 | D:2      | Reached skill level 4 in Fire Magic
   672 | D:2      | Reached XP level 3. HP: 19/19 MP: 2/9
   680 | D:2      | Learned a level 3 spell: Conjure Flame
   711 | D:2      | Found an iron altar of Okawaru.
   835 | D:2      | Found an opulent altar of Gozag.
  1491 | D:2      | Demolished by a gnoll

Vault maps used:
D:1:      lemuel_arrival_room
D:2:      grunt_gozag_statues, kennysheep_okawaru_gauntlet
D:3:      gammafunk_temple_overflow_elements, marbit_many_paths, first_bread,
          st_stairs_12

Skill      XL: |  1  2  3 |
---------------+----------+-----
Fire Magic     | 4 |  4.3
Stealth        | 3 |  3.0
Dodging        | |  2.8
Spellcasting   | |  3.4
Conjurations   | |  1.8

Action                   || total
-------------------------++-------
 Cast: Flame Tongue      ||    68
       Throw Flame       ||     2
  Eat: Chunk             ||     2
Armor: Robe              ||     9
Dodge: Dodged            ||    30
